 Dungeon Crawl Stone Soup version 0.19.4-8-ga85b6b9 (webtiles) character file.

99 Azzok the Firebug (level 4, -2/24 HPs)
             Began as a Gargoyle Fire Elementalist on Feb 8, 2017.
             Slain by Natasha (4 damage)
             ... on level 2 of the Dungeon.
             The game lasted 00:04:57 (2237 turns).

Azzok the Firebug (Gargoyle Fire Elementalist)      Turns: 2237, Time: 00:04:58

Health: -2/24      AC:  7    Str: 12    XL:     4   Next: 72%
Magic:  1/8        EV: 12    Int: 16    God:
Gold:   147        SH:  0    Dex: 10    Spells: 2 memorised, 4 levels left

rFire  . . .     SeeInvis .     d - +0 short sword
rCold  . . .     Gourm    .     a - +0 robe
rNeg   + . .     Faith    .     (no shield)
rPois  ∞         Spirit   .     (no helmet)
rElec  +         Reflect  .     (no cloak)
rCorr  .         Harm     .     q - +0 pair of gloves
MR     .....                    j - +0 pair of boots
Stlth  ++........               (no amulet)
                                (no ring)
                                (no ring)

@: slowed, very slow
A: negative energy resistance 1, electricity resistance, unbreathing,
petrification resistance, rot immunity, AC +3
a: no special abilities


You were on level 2 of the Dungeon.
You were not hungry.

You visited 1 branch of the dungeon, and saw 2 of its levels.

You collected 147 gold pieces.

Inventory:

Hand Weapons
 d - a +0 short sword (weapon)
Missiles
 h - 113 stones (quivered)
Armour
 a - a +0 robe (worn)
 j - a +0 pair of boots (worn)
 q - a +0 pair of gloves (worn)
Scrolls
 f - 3 scrolls of remove curse {unknown}
 l - a scroll of random uselessness {unknown}
 m - 2 scrolls of teleportation {unknown}
 n - a scroll of recharging {unknown}
 p - a scroll of identify {unknown}
Potions
 e - a potion of flight {unknown}
 g - 3 potions of curing {unknown}
 k - a potion of brilliance {unknown}
Books
 b - a book of Flames

   Spells                             Type                      Level
   a - Flame Tongue                   Conjuration/Fire             1
   b - Throw Flame                    Conjuration/Fire             2
   c - Conjure Flame                  Conjuration/Fire             3
   d - Inner Flame                    Hexes/Fire                   3
   e - Sticky Flame                   Conjuration/Fire             4
   f - Fireball                       Conjuration/Fire             5
Comestibles
 c - 3 bread rations
 i - a beef jerky
 o - a chunk of flesh


   Skills:
 - Level 1.5 Dodging
 - Level 2.1 Stealth
 + Level 2.9 Spellcasting
 * Level 3.2 Conjurations
 + Level 3.6 Fire Magic


You had 4 spell levels left.
You knew the following spells:

 Your Spells              Type           Power        Failure   Level  Hunger
a - Flame Tongue          Conj/Fire      ##...        6%          1    #......
b - Conjure Flame         Conj/Fire      ##......     14%         3    ###....


Dungeon Overview and Level Annotations

Branches:
Dungeon (2/15)

Altars:

Annotations:
D:2 Natasha


Innate Abilities, Weirdness & Mutations

You are resistant to torment.
Your stone body is resilient. (AC +3)
You are immune to poison.
You resist negative energy. (rN+)
You are resistant to electric shocks. (rElec)
You can survive without breathing.
You are immune to petrification.
You are immune to rotting.


Message History

Natasha casts a spell.
The adder barely misses you. The adder bites you.
The adder bites you but does no damage. The adder closely misses you.
The shadow imp gestures at you.
You are unaffected.
The adder bites you. Natasha claws you.
* * * LOW HITPOINT WARNING * * *
The shadow imp hits you but does no damage.
The adder misses you. Natasha closely misses you.
The shadow imp closely misses you.
The goblin shouts!
The adder bites you.
* * * LOW HITPOINT WARNING * * *
The shadow imp gestures at you. Pain shoots through your body!
* * * LOW HITPOINT WARNING * * *
Natasha howls an incantation.
Natasha's front paws start to glow.
Natasha claws you.
You die...

▒···▒ ▒··PP▒ ▒······▒▒<· ·····▒
▒····▒ ▒······▒▒>· ······
▒▒▒▒▒▒····▒▒▒·········· ······
▒··········▒▒▒▒▒▒·▒·▒▒▒
······▒▒▒▒▒··········▒ ▒···▒▒▒
···········g·········▒▒▒▒▒▒···▒▒·
····g▒▒▒·▒▒····················<·
···· ▒·▒▒····SS·············▒▒·
··· ▒·)····g5@·····▒▒▒··▒▒·▒▒▒ ··
▒▒▒▒▒···h···÷▒▒▒▒··▒▒▒··▒▒ ·
▒··········▒▒··▒▒ ▒▒···
▒···········)·▒▒ ▒▒▒·
▒··········▒▒▒▒ ▒▒ ▒··········▒
▒▒▒▒ ▒▒▒▒▒▒▒··········▒
▒▒▒▒▒▒▒··>
▒▒▒▒▒···············▒▒▒▒·······▒▒
·····▒▒▒▒▒▒▒··············(······


You could see Natasha, 2 adders, a shadow imp, a hobgoblin and a goblin.

Vanquished Creatures
  Natasha (D:2)
  An adder (D:2)
  2 dart slugs (D:1)
  3 leopard geckos
  A ball python (D:2)
  10 bats
  4 giant cockroaches
  8 goblins
  4 hobgoblins
  7 kobolds
  A quokka (D:2)
  5 frilled lizards
  9 rats
56 creatures vanquished.

Notes
Turn   | Place    | Note
-------+----------+-------------------------------------------
     0 | D:1      | Azzok the Gargoyle Fire Elementalist began the quest for the Orb.
     0 | D:1      | Reached XP level 1. HP: 10/10 MP: 3/3
   146 | D:1      | Reached XP level 2. HP: 15/15 MP: 1/5
   715 | D:1      | Reached XP level 3. HP: 19/19 MP: 2/6
  1575 | D:2      | Learned a level 3 spell: Conjure Flame
  1766 | D:2      | Reached XP level 4. HP: 24/24 MP: 3/8
  2207 | D:2      | Noticed Natasha
  2230 | D:2      | Killed Natasha
  2232 | D:2      | Noticed Natasha
  2237 | D:2      | Slain by Natasha

Skill      XL: |  1  2  3  4 |
---------------+-------------+-----
Conjurations   | 2 3 |  3.2
Dodging        | |  1.5
Stealth        | |  2.1
Spellcasting   | |  2.9
Fire Magic     | |  3.6

Action                   |  1- 3 |  4- 6 || total
-------------------------+-------+-------++-------
Melee: Unarmed           |    10 |       ||    10
       Short sword       |    13 |     8 ||    21
 Cast: Flame Tongue      |    70 |    30 ||   100
       Conjure Flame     |       |     1 ||     1
  Eat: Chunk             |     3 |     2 ||     5
Armor: Robe              |    29 |    15 ||    44
Dodge: Dodged            |    32 |    31 ||    63
